 Dungeon Sprint DCSS version 0.31-a0-986-g5e6e4ef867 (webtiles) character file.

Game seed: 17081417183653557503

41341 rocky1 the Executioner (level 14, -4/142 (146) HPs)
             Began as a Hill Orc Fighter on Nov 6, 2023.
             Was the Champion of Cheibriados.
             Slain by a naga warrior
             ... wielding a +0 glaive
              (17 damage)
             ... in the Dungeon (Sprint VII: "The Pits").
             The game lasted 00:15:29 (3593 turns).

rocky1 the Executioner (Hill Orc Fighter)           Turns: 3593, Time: 00:15:31

HP:   -4/142 (146)  AC: 27    Str: 39    XL:     14   Next: 15%
MP:   23/23         EV: 18    Int: 23    God:    Cheibriados [******]
Gold: 51            SH:  0    Dex: 25    Spells: 9/24 levels left

rFire   + . .        j - +1 battleaxe (heavy)
rCold   . . .        (shield currently unavailable)
rNeg    + . .        G - +3 plate armour {rF+}
rPois   +            (no helmet)
rElec   .            w - +1 cloak {rCorr}
rCorr   +            u - +0 pair of gloves
SInv    .            (no boots)
Will    +....        I - amulet of regeneration Stlth
                     C - ring of positive energy
HPRegen 1.23/turn    E - ring of poison resistance
MPRegen 0.18/turn

%: no teleportation
@: afraid, slowed, lightly drained, very slow
A: no striking features
a: Renounce Religion, Bend Time, Temporal Distortion, Slouch, Step From Time


You were in the Dungeon.
You worshipped Cheibriados.
Cheibriados was exalted by your worship.
You visited 1 branch You collected 51 gold pieces.

Inventory:

Hand Weapons
 b - a +2 war axe of freezing
 j - a +1 heavy battleaxe (weapon)
 o - a +0 battleaxe
 v - a +3 war axe of holy wrath
 H - a +2 vampiric war axe
 J - a +1 executioner's axe
 K - the +8 Vampire's Tooth {megavamp}
   (You found it in the Dungeon)
Missiles
 a - 4 silver javelins
 F - 5 poisoned darts (quivered)
Armour
 c - a +0 buckler
 u - a +0 pair of gloves (worn)
 w - a +1 cloak of preservation (worn)
 G - a +3 plate armour of fire resistance (worn)
Jewellery
 q - a +3 ring of strength
 r - a +3 ring of strength
 A - a ring of flight
 C - a ring of positive energy (left hand)
 E - a ring of poison resistance (right hand)
 I - an amulet of regeneration (around neck)
Wands
 p - a wand of roots (12)
Scrolls
 l - 2 scrolls of vulnerability
 m - 5 scrolls of amnesia
 n - a scroll of summoning
 x - 7 scrolls of enchant armour
 y - 2 scrolls of fog
 z - 2 scrolls of fear
 B - a scroll of poison
 D - a scroll of identify
Potions
 d - 3 potions of might
 e - 6 potions of curing
 f - 7 potions of heal wounds
 g - 2 potions of haste
 h - a potion of magic
 i - 4 potions of berserk rage
 k - 2 potions of invisibility
 s - 3 potions of mutation
 t - a potion of resistance


   Skills:
 + Level 19.4 Fighting
 * Level 25.5 Axes
 + Level 21.1 Armour
 * Level 11.0 Dodging
 - Level 1.9 Stealth
 - Level 10.5 Shields
 * Level 5.6 Spellcasting
 * Level 7.4 Summonings
 - Level 13.0 Invocations


You had 9 spell levels left.
You knew the following spells:

 Your Spells              Type           Power      Damage    Failure   Level
a - Summon Small Mammal   Summ           100%       N/A       1%          1
b - Fireball              Conj/Fire      3%         3d4       100%        5
c - Dragon's Call         Summ           20%        N/A       100%        9

Your spell library contained the following spells:

 Spells                   Type           Power      Damage    Failure   Level
 Summon Guardian Golem    Hex/Summ       23%        N/A       16%         3
 Apportation              Tloc           12%        N/A       26%         1
 Necrotise                Necr           24%        1d5       26%         1
 Summon Lightning Spire   Summ/Air       23%        N/A       47%         4
 Cause Fear               Hex            3%         N/A       94%         4
 Metabolic Englaciation   Hex/Ice        3%         N/A       100%        5


Dungeon Overview and Level Annotations

Branches:
Dungeon (1/1)

Altars:
Ashenzari
Cheibriados
Dithmenos
Elyvilon
Fedhas
Gozag
Hepliaklqana
Kikubaaqudgha
Makhleb
Nemelex Xobeh
Okawaru
Qazlal
Ru
Sif Muna
Trog
Uskayaw
Vehumet
Wu Jian
Xom
Yredelemnul
Zin
The Shining One
Beogh
Jiyva
Lugonu


Message History

You slash the eidolon!
The eidolon is moderately damaged.
You feel sick. The naga warrior closely misses you.
The eidolon stares piercingly at you. The bolt of negative energy hits you!
You partially resist.
You feel drained.
You hit the eidolon but do no damage.
The eidolon is moderately damaged.
You feel sick.
The naga warrior hits you from afar with a +0 glaive!!
* * * LOW HITPOINT WARNING * * *
The eidolon gestures.
The eidolon radiates an aura of fear!
You are terrified of the eidolon!
You feel much better.
You feel sick. The naga warrior barely misses you. The eidolon hits you!
The eidolon closely misses you.
Unknown command.
You attempt to attack the eidolon, but flinch away in fear!
The naga warrior hits you from afar with a +0 glaive!!
* * * LOW HITPOINT WARNING * * *
The eidolon completely misses you.
The eidolon hits you but does no damage.
Unknown command.
You closely miss the eidolon.
The eidolon is lightly damaged.
You feel sick.
The naga warrior hits you from afar with a +0 glaive!!
* * * LOW HITPOINT WARNING * * *
The eidolon hits you but does no damage. x2
The naga warrior closely misses you.
You feel much better.
You feel sick. The eidolon hits you!
* * * LOW HITPOINT WARNING * * *
The eidolon drains your vigour!
You feel yourself slow down. The eidolon completely misses you.
The naga warrior closely misses you.
You feel better. The eidolon hits you!
* * * LOW HITPOINT WARNING * * *
The eidolon drains your vigour!
You feel as though you will be slow longer.
The eidolon hits you but does no damage.
The naga warrior hits you from afar with a +0 glaive!
You die...

#############################+#
..............................#
..............................#
############')##############..#
)'...').#..)))...# #[)#
)#...#).#....)...# . #..#
##...#######.)#### ##WN. #..#
..).)...#..))...@#...... #..#
....)..))........WN..... #..#
........#.......)#...... #..#
'###'##.####..####.##+## #..#
)))#.)#.#..#### # #..#
)))#).#.'..# #..# ############
#++# ########## ......'..#


You could see a naga warrior (strong) and an eidolon (scary).

Vanquished Creatures
  Ilsuiw (D)
  A nagaraja (D)
  An ophan (D)
  2 orc warlords (D)
  A vampire knight (D)
  Nessos (D)
  A red draconian (D)
  A minotaur (D)
  A fire dragon (D)
  A great orb of eyes (D)
  2 vault guards (D)
  An alligator snapping turtle (D)
  An ogre mage (D)
  Erolcha (D)
  2 boulder beetles (D)
  2 naga warriors (D)
  A death yak (D)
  A merfolk aquamancer (D)
  3 two-headed ogres (D)
  A naga sharpshooter (D)
  Urug (D)
  2 demonic crawlers (D)
  A large abomination (D)
  4 deep elf knights (D)
  A soul eater (D)
  2 shadow wraiths (D)
  A sixfirhy (D)
  A fire crab (D)
  A lindwurm (D)
  3 phantasmal warriors (D)
  11 orc knights (D)
  A deep elf pyromancer (D)
  A necromancer (D)
  A cyclops (D)
  Maurice (D)
  4 elephants (D)
  A smoke demon (D)
  Psyche (D)
  2 unseen horrors (D)
  2 ice devils (D)
  An efreet (D)
  A polar bear (D)
  2 trolls (D)
  A red devil (D)
  A hellwing (D)
  A guardian mummy (D)
  A merfolk (D)
  A hornet (D)
  A tarantella (D)
  6 dream sheep (D)
  A snapping turtle (D)
  A flying skull (D)
  An air elemental (D)
  A jumping spider (D)
  A wyvern (D)
  3 water elementals (D)
  A neqoxec (D)
  Menkaure (D)
  A redback (D)
  A naga (D)
  2 orc warriors (D)
  An ice beast (D)
  3 ogres (D)
  A centaur (D)
  2 phantoms (D)
  2 scorpions (D)
  A small abomination (D)
  9 wights (D)
  A crimson imp (D)
  3 orc priests (D)
  A jelly (D)
  An orc wizard (D)
  A mummy (D)
  A gnoll (D)
  An ufetubus (D)
  An adder skeleton (D)
  A worm (D)
  An adder simulacrum (D)
  14 orcs (D)
  2 endoplasms (D)
  A giant cockroach (D)
  2 hobgoblins (D)
  2 jackals (D)
  A ball python simulacrum (D)
  A ball python skeleton (D)
  A bat (D)
  2 frilled lizards (D)
  A giant cockroach zombie (D)
  A quokka zombie (D)
  2 rats (D)
159 creatures vanquished.

Vanquished Creatures (others)
  A bat simulacrum (D)
  A quokka zombie (D)
2 creatures vanquished.

Grand Total: 161 creatures vanquished

Notes
Turn   | Place    | Note
-------+----------+-------------------------------------------
     0 | D        | rocky1 the Hill Orc Fighter began the quest for the Orb.
     0 | D        | Reached XP level 1. HP: 19/19 MP: 1/1
    19 | D        | Found a bloodstained altar of Trog.
    19 | D        | Found a shimmering blue altar of Sif Muna.
    19 | D        | Found a viscous altar of Jiyva.
    19 | D        | Found a hazy altar of Hepliaklqana.
    19 | D        | Found an opulent altar of Gozag.
    20 | D        | Found a glowing golden altar of the Shining One.
    20 | D        | Found a glowing silver altar of Zin.
    20 | D        | Found a basalt altar of Yredelemnul.
    20 | D        | Found a shimmering altar of Xom.
    20 | D        | Found an ornate altar of the Wu Jian Council.
    20 | D        | Found a sacrificial altar of Ru.
    20 | D        | Found a stormy altar of Qazlal.
    20 | D        | Found an iron altar of Okawaru.
    20 | D        | Found a sparkling altar of Nemelex Xobeh.
    20 | D        | Found a burning altar of Makhleb.
    20 | D        | Found a blossoming altar of Fedhas.
    20 | D        | Found a white marble altar of Elyvilon.
    20 | D        | Found a shadowy altar of Dithmenos.
    20 | D        | Found a snail-covered altar of Cheibriados.
    23 | D        | Found a corrupted altar of Lugonu.
    23 | D        | Found a radiant altar of Vehumet.
    23 | D        | Found a roughly hewn altar of Beogh.
    24 | D        | Found an ancient bone altar of Kikubaaqudgha.
    24 | D        | Found a hide-covered altar of Uskayaw.
    24 | D        | Found a broken altar of Ashenzari.
    33 | D        | Became a worshipper of Cheibriados the Contemplative
    75 | D        | Reached * piety under Cheibriados
    76 | D        | Reached skill level 3 in Axes
    76 | D        | Reached skill level 1 in Invocations
    76 | D        | Reached XP level 2. HP: 22/27 MP: 1/3
   106 | D        | Reached ** piety under Cheibriados
   123 | D        | Noticed a scorpion
   128 | D        | Reached *** piety under Cheibriados
   131 | D        | Killed a scorpion
   131 | D        | Reached **** piety under Cheibriados
   132 | D        | Reached skill level 5 in Fighting
   132 | D        | Reached skill level 5 in Axes
   132 | D        | Reached skill level 5 in Armour
   132 | D        | Reached skill level 5 in Shields
   132 | D        | Reached XP level 3. HP: 36/36 MP: 3/5
   132 | D        | Reached XP level 4. HP: 42/42 MP: 3/6
   193 | D        | Noticed Menkaure
   198 | D        | Reached skill level 6 in Axes
   198 | D        | Reached skill level 1 in Dodging
   198 | D        | Reached skill level 5 in Invocations
   198 | D        | Reached XP level 5. HP: 46/50 MP: 6/8
   202 | D        | Reached skill level 7 in Axes
   204 | D        | Killed Menkaure
   205 | D        | Reached skill level 8 in Axes
   205 | D        | Reached XP level 6. HP: 39/60 MP: 6/11
   211 | D        | Reached skill level 9 in Axes
   327 | D        | Reached ***** piety under Cheibriados
   331 | D        | Reached skill level 10 in Axes
   336 | D        | Reached XP level 7. HP: 54/68 MP: 11/13
   346 | D        | Reached skill level 11 in Axes
   541 | D        | Noticed Psyche
   546 | D        | Killed Psyche
   546 | D        | Reached ****** piety under Cheibriados
   547 | D        | Reached skill level 12 in Axes
   547 | D        | Reached XP level 8. HP: 77/77 MP: 13/15
   602 | D        | Reached skill level 13 in Axes
   606 | D        | Noticed a fire crab
   680 | D        | Killed a fire crab
   681 | D        | Reached skill level 14 in Axes
   979 | D        | Noticed a smoke demon
   979 | D        | Noticed Urug
   988 | D        | Killed Urug
   989 | D        | Reached skill level 10 in Fighting
   989 | D        | Reached skill level 15 in Axes
   989 | D        | Reached XP level 9. HP: 68/85 MP: 16/18
   989 | D        | Noticed an elephant
   992 | D        | Killed a smoke demon
   993 | D        | Reached skill level 16 in Axes
   993 | D        | Killed an elephant
   995 | D        | Noticed a polar bear
  1002 | D        | HP: 4/86 [flying skull (5)]
  1003 | D        | Killed a polar bear
  1004 | D        | Reached skill level 17 in Axes
  1004 | D        | Reached skill level 10 in Armour
  1277 | D        | Noticed a boulder beetle
  1296 | D        | Killed a boulder beetle
  1297 | D        | Reached XP level 10. HP: 59/96 MP: 19/19
  1410 | D        | Reached skill level 18 in Axes
  1420 | D        | Reached skill level 1 in Stealth
  1491 | D        | Reached skill level 19 in Axes
  1498 | D        | Noticed Erolcha
  1500 | D        | Noticed a deep elf pyromancer
  1503 | D        | Killed a deep elf pyromancer
  1503 | D        | Killed an unseen horror
  1503 | D        | Noticed a cyclops
  1508 | D        | Killed Erolcha
  1512 | D        | Reached XP level 11. HP: 34/107 MP: 10/20
  1513 | D        | HP: 4/107 [cyclops (11)]
  1520 | D        | Killed a cyclops
  1521 | D        | Reached skill level 20 in Axes
  1521 | D        | Reached skill level 10 in Shields
  1731 | D        | Noticed a demonic crawler
  1742 | D        | Killed a demonic crawler
  1907 | D        | Noticed an orc knight
  1919 | D        | Killed an orc knight
  2016 | D        | Noticed an alligator snapping turtle
  2027 | D        | Killed an alligator snapping turtle
  2040 | D        | Noticed a phantasmal warrior
  2040 | D        | Noticed a boulder beetle
  2041 | D        | Noticed a merfolk aquamancer
  2043 | D        | Killed a phantasmal warrior
  2043 | D        | Noticed Maurice
  2044 | D        | Reached skill level 21 in Axes
  2044 | D        | Reached skill level 15 in Armour
  2044 | D        | Reached skill level 5 in Dodging
  2048 | D        | Killed a merfolk aquamancer
  2048 | D        | Killed a boulder beetle
  2049 | D        | Reached skill level 15 in Fighting
  2049 | D        | Killed Maurice
  2058 | D        | Reached XP level 12. HP: 81/121 MP: 16/21
  2188 | D        | Learned a level 1 spell: Summon Small Mammal
  2306 | D        | Noticed a great orb of eyes
  2306 | D        | Noticed a vampire knight
  2307 | D        | Noticed Ilsuiw
  2308 | D        | Noticed a fire dragon
  2309 | D        | Killed a great orb of eyes
  2310 | D        | Noticed Nessos
  2311 | D        | Noticed a deep elf knight
  2312 | D        | Paralysed by a vampire knight for 3 turns
  2313 | D        | Noticed a soul eater
  2313 | D        | Noticed a large abomination
  2316 | D        | Killed a vampire knight
  2316 | D        | Killed Nessos
  2317 | D        | Reached skill level 22 in Axes
  2317 | D        | Killed a deep elf knight
  2318 | D        | Killed a large abomination
  2318 | D        | Killed Ilsuiw
  2319 | D        | Killed a soul eater
  2372 | D        | HP: 2/124 [phantasmal warrior (22)]
  2383 | D        | Killed a fire dragon
  2618 | D        | Got the Lectures on Frostbitten Accompaniment
  2654 | D        | Noticed a red draconian
  2654 | D        | Noticed an ogre mage
  2654 | D        | Noticed a two-headed ogre
  2654 | D        | Noticed a two-headed ogre
  2654 | D        | Noticed a two-headed ogre
  2657 | D        | Killed an ogre mage
  2657 | D        | Killed a two-headed ogre
  2657 | D        | Killed a two-headed ogre
  2657 | D        | Killed a two-headed ogre
  2658 | D        | Reached skill level 23 in Axes
  2658 | D        | Reached XP level 13. HP: 132/133 MP: 6/22
  2661 | D        | Killed a red draconian
  2844 | D        | Got the +6 mace "Dolumuma" {freeze, rElec rF++}
  2884 | D        | Noticed an ophan
  2910 | D        | Killed an ophan
  3044 | D        | Learned a level 5 spell: Fireball
  3054 | D        | Learned a level 9 spell: Dragon's Call
  3150 | D        | Noticed a minotaur
  3159 | D        | Killed a minotaur
  3203 | D        | Noticed an orc warlord
  3203 | D        | Noticed an orc warlord
  3207 | D        | Reached skill level 5 in Summonings
  3212 | D        | Reached skill level 24 in Axes
  3212 | D        | Reached skill level 10 in Dodging
  3214 | D        | Killed an orc warlord
  3220 | D        | Killed an orc warlord
  3358 | D        | Noticed a nagaraja
  3362 | D        | Reached skill level 5 in Spellcasting
  3372 | D        | Reached skill level 25 in Axes
  3376 | D        | Killed a nagaraja
  3377 | D        | Reached XP level 14. HP: 98/146 MP: 4/23
  3515 | D        | Found the +8 Vampire's Tooth {megavamp}
  3591 | D        | HP: 1/142 [naga warrior/+0 glaive (23)]
  3593 | D        | Slain by a naga warrior

Illustrated notes

Levels and vault maps discovered:
D:        pitsprint [storerooms_1, entrance_room_1, metal_vault_5, armoury_2,
          mini_pit_1, grid_room_1, main_hall_1, silver_pit, the_coven_3,
          the_vestibule_1, steel_vault_2, golden_pit, hallway_of_sentries,
          crystal_vault_2, iron_vault_1, final_vault]

Skill      XL: |  1  2  3  4  5  6  7  8  9 10 11 12 13 14 |
---------------+-------------------------------------------+-----
Fighting       | 4 5 6 7 8 10 11 13 15 17 19 | 19.4
Axes           | 3 5 6 8 10 12 15 17 19 21 23 25 | 25.5
Invocations    | 1 3 5 7 8 9 12 13 | 13.0
Shields        | 5 6 7 8 9 10 | 10.5
Armour         | 5 6 7 8 9 10 12 15 19 20 21 | 21.1
Dodging        | 1 2 3 6 9 10 11 | 11.0
Stealth        | 1 |  1.9
Spellcasting   | 2 5 |  5.6
Summonings     | 2 6 7 |  7.4

Action                     |  1- 3 |  4- 6 |  7- 9 | 10-12 | 13-15 || total
---------------------------+-------+-------+-------+-------+-------++-------
  Melee: War axe           |    26 |    23 |    68 |    52 |       ||   169
         Battleaxe         |       |       |       |    33 |   139 ||   172
 Invoke: Slouch            |       |       |     3 |    23 |     8 ||    34
    Use: Potion            |       |     1 |     3 |    10 |     5 ||    19
         Scroll            |       |       |       |     2 |       ||     2
   Stab: Invisible         |       |       |       |     6 |       ||     6
 Armour: Scale mail        |    29 |    11 |    21 |       |       ||    61
         Plate armour      |       |       |    25 |    88 |   102 ||   215
  Dodge: Dodged            |    18 |    15 |    22 |    39 |    67 ||   161
  Block: Buckler           |    12 |     5 |    14 |    24 |       ||    55

Table legend: (Time is in decaauts)
 A = Elapsed time spent in this place.
 B = Non-inter-level travel time spent in this place.
 C = Inter-level travel time spent in this place.
 D = Time resting spent in this place.
 E = Time spent auto-exploring this place.
 F = Levels seen in this place.
 G = Mean time per level.
                   A        B        C        D        E       F      G
               +--------+--------+--------+--------+--------+-----+--------+
         Total |   4358 |   4230 |    128 |   2128 |      0 |   1 | 4358.0 |
       Dungeon |   4358 |   4230 |    128 |   2128 |      0 |   1 | 4358.0 |
               +--------+--------+--------+--------+--------+-----+--------+

Top non-repeatable levels by time:
       D: 4358 daAuts
